 Seeded DCSS version 0.30.1-4-g462c640d31 (webtiles) character file.

Game seed: 6351066067085065685 (custom seed)

655 Esekla the Grave Robber (level 7, -6/36 HPs)
             Began as a Deep Elf Necromancer on Aug 13, 2023.
             Was a Believer of Vehumet.
             Mangled by a gnoll
             ... wielding a +0 spear
             ... led by a gnoll bouda
              (7 damage)
             ... on level 4 of the Dungeon.
             The game lasted 00:16:21 (3084 turns).

Esekla the Grave Robber (Deep Elf Necromancer)      Turns: 3084, Time: 00:16:21

Health: -6/36      AC:  4    Str:  5    XL:     7   Next: 29%
Magic:  11/17      EV: 14    Int: 22    God:    Vehumet [**....]
Gold:   263        SH:  0    Dex: 18    Spells: 8/17 levels left

rFire   . . .        a - +5 rapier of the Hero {heavy, rN+ Dex+3}
rCold   . . .        (no shield)
rNeg    + . .        p - +0 robe
rPois   .            n - +0 helmet
rElec   .            (no cloak)
rCorr   .            k - +0 pair of gloves
SInv    .            (no boots)
Will    .....        x - amulet of magic regeneration
Stlth   +++          (no ring)
HPRegen 0.26/turn    (no ring)
MPRegen 0.55/turn

%: no passive effects
@: no status effects
A: no striking features
a: Renounce Religion


You were on level 4 of the Dungeon.
You worshipped Vehumet.
Vehumet was pleased with you.
You visited 1 branch of the dungeon, and saw 5 of its levels.

You collected 263 gold pieces.

Inventory:

Hand Weapons
 a - the +5 rapier of the Hero (weapon) {heavy, rN+ Dex+3}
   (You found it on level 3 of the Dungeon)

   Dex:       It affects your dexterity (+3).
   rN:        It protects you from negative energy.
 r - a +0 spear
Missiles
 t - 6 poisoned darts (quivered)
Armour
 k - a +0 pair of gloves (worn)
 n - a +0 helmet (worn)
 p - a +0 robe (worn)
Jewellery
 x - an amulet of magic regeneration (around neck)
Wands
 v - a wand of roots (8)
 A - a wand of flame (15)
Scrolls
 c - 2 scrolls of amnesia {unknown}
 e - 3 scrolls of fear {unknown}
 f - 4 scrolls of identify {unknown}
 h - a scroll of enchant armour {unknown}
 i - 3 scrolls of enchant weapon {unknown}
 o - a scroll of immolation {unknown}
 u - 2 scrolls of fog {unknown}
 w - a scroll of blinking {unknown}
 y - a scroll of magic mapping {unknown}
Potions
 b - a potion of magic
 d - a potion of ambrosia {unknown}
 g - a potion of haste {unknown}
 j - 5 potions of curing {unknown}
 l - 2 potions of attraction {unknown}
 m - a potion of mutation {unknown}
 q - 3 potions of brilliance {unknown}
 s - a potion of heal wounds {unknown}
 z - a potion of lignification {unknown}


   Skills:
 + Level 3.1 Short Blades
 + Level 0.6 Throwing
 * Level 4.4 Dodging
 + Level 4.2 Stealth
 * Level 5.6 Spellcasting
 * Level 6.4 Necromancy
 * Level 2.3 Translocations


You had 8 spell levels left.
You knew the following spells:

 Your Spells              Type           Power      Damage    Failure   Level
a - Necrotise             Necr           100%       1d9       1%          1
b - Foxfire               Conj/Fire      24%        2x1d5     10%         1
c - Sandblast             Erth           12%        2d6       10%         1
d - Vampiric Draining     Necr           34%        2d8       1%          3
t - Teleport Other        Tloc           16%        N/A       11%         3

Your spell library contained the following spells:

 Spells                   Type           Power      Damage    Failure   Level
 Lesser Beckoning         Tloc           32%        N/A       5%          2
 Animate Dead             Necr           34%        N/A       7%          4
 Gell's Gravitas          Tloc           16%        N/A       11%         3
 Agony                    Necr           34%        N/A       19%         5
 Spider Form              Tmut/Pois      6%         N/A       28%         3
 Cause Fear               Hex            3%         N/A       67%         4
 Summon Mana Viper        Hex/Summ       6%         N/A       95%         5


Dungeon Overview and Level Annotations

Branches:
Dungeon (5/15)
 Temple: D:4-7

Altars:
Dithmenos
Hepliaklqana
Okawaru
Qazlal
Trog
Vehumet
Zin

Shops:
D:2 =   D:4 (


Message History

Confirm with . or Enter, or press ? or * to list all spells.
Aiming: Vampiric Draining (safe; 1% risk of failure)
Press: ? - help, Shift-Dir - straight line, f/p - gnoll
Aim: a gnoll, wielding a +0 club (severely wounded)
You draw life force from the gnoll.
You kill the gnoll!
Vehumet accepts your kill.
You feel life coursing into your body.
The gnoll hits you from afar with a +0 halberd!
The gnoll hits you with a +0 whip.
Casting: Vampiric Draining (safe; 1% risk of failure)
Confirm with . or Enter, or press ? or * to list all spells.
Aiming: Vampiric Draining (safe; 1% risk of failure)
Press: ? - help, Shift-Dir - straight line, f - gnoll
Aim: a gnoll, wielding a +0 whip You draw life force from the gnoll!
You feel life coursing into your body.
The gnoll hits you from afar with a +0 halberd.
The gnoll hits you with a +0 whip.
Casting: Vampiric Draining (safe; 1% risk of failure)
Confirm with . or Enter, or press ? or * to list all spells.
Aiming: Vampiric Draining (safe; 1% risk of failure)
Press: ? - help, Shift-Dir - straight line, f/p - gnoll
Aim: a gnoll, wielding a +0 whip (severely wounded)
You draw life force from the gnoll.
You kill the gnoll!
Vehumet accepts your kill.
You feel your power returning.
You feel life coursing into your body.
The gnoll hits you from afar with a +0 halberd!
* * * LOW HITPOINT WARNING * * *
You struggle against the net.
The gnoll closely misses you.
The gnoll hits you from afar with a +0 spear.
* * * LOW HITPOINT WARNING * * *
You struggle against the net.
The gnoll hits you from afar with a +0 halberd.
* * * LOW HITPOINT WARNING * * *
The gnoll hits you but does no damage.
You rip the net and break free!
The gnoll closely misses you. x2
The gnoll closely misses you.
The gnoll hits you from afar with a +0 spear!
You die...

..... #.# #..
.....##.# +..
........# #..
........# #..
........# #..
........## #..
.........# #..
......)).####+## ?
#..
.......@........
......
#......).####.#
.......
.......gg####.##...
##.
.........(........g
..
........[.(...##. .
..............#
....##........#
.... #........# ...
########)#


You could see 2 gnolls.

Vanquished Creatures
  A black bear (D:2)
  2 scorpions (D:5)
  A gnoll bouda (D:5)
  3 hounds
  A sleepcap (D:5)
  4 iguanas
  6 gnolls
  7 adders
  A white imp (D:5)
  A worm (D:4)
  3 dart slugs
  9 orcs
  6 ball pythons
  4 endoplasms
  8 goblins
  4 hobgoblins
  A quokka (D:1)
  4 bats
  4 frilled lizards
  5 kobolds
  A rat (D:2)
76 creatures vanquished.

Notes
Turn   | Place    | Note
-------+----------+-------------------------------------------
     0 | D:1      | Esekla the Deep Elf Necromancer began the quest for the
                  | Orb.
     0 | D:1      | Reached XP level 1. HP: 10/10 MP: 6/6
   122 | D:1      | Reached skill level 5 in Necromancy
   301 | D:3      | Found a stormy altar of Qazlal.
   301 | D:3      | Noticed a hound
   322 | D:3      | Reached XP level 2. HP: 15/15 MP: 8/8
   472 | D:4      | Found Ponaysk's Antique Weapon Boutique.
   541 | D:4      | Found a radiant altar of Vehumet.
   545 | D:4      | Became a worshipper of Vehumet
   638 | D:4      | Found an iron altar of Okawaru.
   746 | D:4      | Found a glowing silver altar of Zin.
   859 | D:3      | Identified the +5 rapier of the Hero {heavy, rN+ Dex+3}
   874 | D:2      | Found Renulab's Jewellery Shop.
  1059 | D:3      | Reached XP level 3. HP: 19/19 MP: 9/9
  1168 | D:3      | Found a hazy altar of Hepliaklqana.
  1168 | D:3      | Found a bloodstained altar of Trog.
  1433 | D:2      | Reached skill level 1 in Short Blades
  1433 | D:2      | Reached XP level 4. HP: 24/24 MP: 11/11
  1441 | D:2      | Learned a level 3 spell: Vampiric Draining
  1502 | D:1      | Reached * piety under Vehumet
  1502 | D:1      | Offered knowledge of Foxfire by Vehumet.
  1549 | D:1      | Learned a level 1 spell: Foxfire
  1604 | D:1      | Learned a level 3 spell: Teleport Other
  1857 | D:2      | Noticed a black bear
  1885 | D:2      | Found a faded altar of an unknown god.
  1925 | D:2      | Reached XP level 5. HP: 26/28 MP: 9/12
  2098 | D:2      | Killed a black bear
  2099 | D:2      | Reached skill level 6 in Necromancy
  2099 | D:2      | Reached skill level 1 in Translocations
  2433 | D:5      | Entered Level 5 of the Dungeon
  2436 | D:5      | Reached XP level 6. HP: 32/32 MP: 14/14
  2463 | D:5      | Found a shadowy altar of Dithmenos.
  2610 | D:5      | Got the Parchment of the Lumpy Olives
  2845 | D:5      | Reached XP level 7. HP: 36/36 MP: 12/16
  2889 | D:5      | Reached skill level 5 in Spellcasting
  3005 | D:4      | Offered knowledge of Sandblast by Vehumet.
  3015 | D:4      | Learned a level 1 spell: Sandblast
  3031 | D:4      | Reached ** piety under Vehumet
  3082 | D:4      | HP: 1/36 [gnoll/+0 halberd[a gnoll bouda] (3)]
  3084 | D:4      | Mangled by a gnoll

Illustrated notes

Levels and vault maps discovered:
D:1:      sevenhm_arrival_forest_fort_small_3, layout_rooms,
          chequers_serial_rivers_room_b, minmay_misc_feat_five
D:2:      layout_loops_ring, dreamdust_ecumenical_altar_angels_and_demons,
          serial_shops, shop
D:3:      layout_basic, grunt_temple_overflow_open, minmay_misc_feat_iff
D:4:      layout_basic, nicolae_overflow_quartered_altars, serial_shops,
          nicolae_diamond_shop
D:5:      layout_loops_ring, lemuel_doored_altar, minmay_misc_feat_rows,
          dreamdust_wishing_well

Skill      XL: |  1  2  3  4  5  6  7 |
---------------+----------------------+-----
Necromancy     | 5 6 |  6.4
Stealth        | 3 4 |  4.2
Dodging        | 3 4 |  4.4
Short Blades   | 1 2 3 |  3.1
Spellcasting   | 4 5 |  5.6
Translocations | 1 2 |  2.3
Throwing       | |  0.6

Action                     |  1- 3 |  4- 6 |  7- 9 || total
---------------------------+-------+-------+-------++-------
  Melee: Short sword       |    29 |       |       ||    29
         Unarmed           |     9 |       |       ||     9
         Rapier            |    19 |    72 |    17 ||   108
         Punch             |       |     1 |       ||     1
  Throw: Dart              |       |    10 |     2 ||    12
   Cast: Vampiric Draining |       |     8 |    13 ||    21
   Stab: Sleeping          |     6 |     4 |     1 ||    11
 Armour: Robe              |    10 |    13 |     8 ||    31
  Dodge: Dodged            |    30 |    66 |    27 ||   123
